 Dungeon Crawl Stone Soup version 0.31.0-11-ge490571c62 (webtiles) character file.

Game seed: 18021142102312406239

118606 tilp the Severer (level 16, -14/152 HPs)
             Began as a Minotaur Berserker on Feb 5, 2024.
             Was a High Priest of Trog.
             Shot with a bolt by a naga sharpshooter (28 damage)
             ... on level 1 of the Snake Pit.
             The game lasted 00:36:25 (25289 turns).

tilp the Severer (Minotaur Berserker)              Turns: 25289, Time: 00:36:26

Health: -14/152    AC: 27    Str: 28    XL:     16   Next: 25%
Magic:  3/5        EV: 18    Int: 10    God:    Trog [*****.]
Gold:   718        SH:  8    Dex: 12    Spells: 15/15 levels left

rFire   + . .        a - +4 war axe "Zekk" {antimagic, rF+ Int+6}
rCold   . . .        z - +0 kite shield
rNeg    . . .        Z - +2 chain mail {rPois}
rPois   +            O - +1 hat
rElec   .            X - +0 cloak
rCorr   .            i - +2 pair of gloves
SInv    .            B - +1 pair of boots
Will    +++..        (no amulet) Stlth
                     p - +5 ring of evasion
HPRegen 1.45/turn    q - +4 ring of protection
MPRegen 0.09/turn

%: no passive effects
@: strong-willed, on berserk cooldown, regenerating, slowed, studying Stealth,
very slow
A: horns 2, retaliatory headbutt
a: Renounce Religion, Berserk, Trog's Hand, Brothers in Arms


You were on level 1 of the Snake Pit.
You worshipped Trog.
Trog was extremely pleased with you.
You visited 4 branches of the dungeon, and saw 23 of its levels.
You also visited: Volcano.

You collected 2866 gold pieces.
You spent 2148 gold pieces at shops.

Inventory:

Hand Weapons
 a - the +4 war axe "Zekk" (weapon) {antimagic, rF+ Int+6}
   (You acquired it on level 6 of the Dungeon)

   Int+6:     It affects your intelligence (+6).
   rF+:       It protects you from fire.
 b - a +4 hand axe of flaming
 o - a +3 executioner's axe of flaming
 Y - a +0 broad axe of electrocution
Missiles
 n - 9 javelins
 s - 36 poisoned darts (quivered)
 x - 5 curare-tipped darts
 F - 2 throwing nets
 N - 21 boomerangs
Armour
 i - a +2 pair of gloves (worn)
 z - a +0 kite shield (worn)
 B - a +1 pair of boots (worn)
 O - a +1 hat (worn)
 T - a +3 plate armour of fire resistance
 X - a +0 cloak (worn)
 Z - a +2 chain mail of poison resistance (worn)
Jewellery
 p - a +5 ring of evasion (left hand)
 q - a +4 ring of protection (right hand)
 w - a ring of see invisible
 L - a ring of protection from cold
 U - a ring of willpower
Wands
 c - a wand of paralysis (24)
 j - a wand of flame (20)
 k - a wand of roots (9)
 u - a wand of quicksilver (24)
 v - a wand of digging (5)
 D - a wand of mindburst (31)
 R - a wand of polymorph (12)
Scrolls
 l - 3 scrolls of blinking
 t - 10 scrolls of teleportation
 y - 2 scrolls of revelation
 E - 3 scrolls of fog
 J - 2 scrolls of butterflies
 P - a scroll of silence
Potions
 e - 8 potions of curing
 f - 2 potions of heal wounds
 g - 3 potions of enlightenment
 h - a potion of mutation
 r - a potion of attraction
 C - a potion of ambrosia
 G - 5 potions of cancellation
 H - 2 potions of berserk rage
 I - a potion of resistance
 K - a potion of might
 M - 3 potions of invisibility
 Q - 2 potions of degeneration {unknown}
 S - a potion of magic {unknown}
 V - 3 potions of haste
 W - 2 potions of lignification
Miscellaneous
 d - a sack of spiders
 m - a lightning rod (4/4)
 A - a phantom mirror


   Skills:
 + Level 16.6 Fighting
 + Level 16.9 Axes
 + Level 10.1 Throwing
 + Level 13.6 Armour
 + Level 13.1 Dodging
 - Level 4.0 Stealth
 - Level 4.0 Shields
 + Level 10.8 Evocations


You had 15 spell levels left.
You didn't know any spells.
Your spell library was empty.

Dungeon Overview and Level Annotations

Branches:
Dungeon (15/15)            Temple (0/1) D:5            Lair (5/5) D:8
  Swamp (0/4) Lair:3        Snake (1/4) Lair:2        Slime (0/5) Lair:4
    Orc (2/2) D:10            Elf (0/3) Orc:2        Vaults (0/5) D:14
 Depths (0/4) D:15        Volcano (visited)

Altars:
Ashenzari
Cheibriados
Elyvilon
Fedhas
Hepliaklqana
Nemelex Xobeh
Qazlal
Ru
Trog
Vehumet
Wu Jian
Zin

Shops:
D:6 [   D:10 [(   D:13 *   Orc:2 [*[*


Innate Abilities, Weirdness & Mutations

You have a pair of horns on your head.
You reflexively headbutt those who attack you in melee.


Message History

You feel sick.
The naga sharpshooter spits poison at you.
The splash of poison hits you but does no damage.
You are more poisoned.
You resist.
You feel extremely sick.
The naga sharpshooter mumbles some strange words.
The naga sharpshooter magically shoots a bolt.
The bolt hits you!!
* * * LOW HITPOINT WARNING * * *
The bolt burns you.
* * * LOW HITPOINT WARNING * * *
A naga sharpshooter comes into view. It is wielding a +0 scimitar.
Things that are here:
a +0 longbow of flaming; a +0 scimitar; a naga corpse You feel better.
The naga sharpshooter shoots a bolt.
The bolt closely misses you.
The naga sharpshooter shoots a bolt.
The bolt hits you!
* * * LOW HITPOINT WARNING * * *
The bolt burns you.
* * * LOW HITPOINT WARNING * * *
Unknown command.
Your skin crawls.
You feel strong-willed.
The naga sharpshooter spits poison at you.
The splash of poison hits you but does no damage.
You resist.
Unknown command.
The naga sharpshooter unwields a +0 scimitar.
The naga sharpshooter wields a +0 longbow.
The naga sharpshooter shoots an arrow.
The arrow closely misses you.
The naga sharpshooter spits poison at you.
The splash of poison hits you but does no damage.
You resist.
The naga sharpshooter shoots a bolt.
The bolt misses you.
The naga sharpshooter shoots an arrow.
The arrow hits you!!
* * * LOW HITPOINT WARNING * * *
A naga comes into view. It is wielding a +0 heavy halberd.
The naga sharpshooter shoots a bolt.
The bolt hits you!!
You die...

##......#.......
#....<..........
.....##...........
..#..#....†.......
#......).......
#.#...)........
#..#...).......
#..#...........
#...##..@.......
... ##..N......
##N.....##
##N....# ...#..#
##..... .##.. .#


You could see 2 naga sharpshooters and a naga.

Vanquished Creatures
  An orc warlord (Orc:2)
  Nessos (Lair:5)
  3 dire elephants (Lair:5)
  8 vault guards (D:14)
  The ghost of Suckerboh the Basher, a journeyman MiFi of Elyvilon (D:9)
  4 hydras
  2 ogre magi
  A death knight (D:15)
  3 catoblepae
  A sphinx zombie (D:15)
  4 centaur warriors
  15 two-headed ogres
  4 boulder beetles
  3 tengu warriors
  A sphinx skeleton (D:15)
  A vampire mage (D:15)
  13 death yaks
  2 naga sharpshooters (Snake:1)
  Sonja (D:11)
  8 skeletal warriors
  A fire crab (D:13)
  A skyshark (Lair:4)
  2 spectral death yaks (Lair:5)
  An iron troll (Orc:1)
  A deep troll (Orc:2)
  2 deep elf archers (Volcano)
  A spectral anaconda (Lair:5)
  A mana viper (Snake:1)
  Pikel (D:9)
  An obsidian statue (Lair:5)
  2 phantasmal warriors
  8 deep elf pyromancers
  A lindwurm (Lair:5)
  5 necromancers
  2 orc knights
  7 ugly things
  An orc sorcerer (D:15)
  12 cyclopes
  A will-o-the-wisp (Lair:3)
  6 manticores
  7 black mambas
  6 elephants (Lair:5)
  3 kobold blastminers
  A black mamba (shapeshifter) (D:13)
  2 torpor snails (Lair:1)
  12 cane toads
  A gargoyle (D:11)
  An unseen horror (D:12)
  3 rime drakes
  8 komodo dragons
  A yaktaur (D:13)
  A freezing wraith (D:15)
  2 polar bears
  20 trolls
  5 hornets
  17 blink frogs
  A spectral elephant (Lair:5)
  7 dream sheep (Lair:5)
  5 slime creatures
  3 centaur simulacra
  2 vampires
  4 wraiths
  A shadow (D:9)
  5 wyverns
  18 yaks
  Grum (D:10)
  A human (shapeshifter) (D:14)
  6 basilisks
  6 wargs
  A human (Lair:1)
  4 fire elementals (Volcano)
  4 steam dragons
  11 vampire mosquitoes
  A death yak simulacrum (Lair:5)
  Edmund (D:6)
  A naga (Snake:1)
  16 water moccasins
  7 hell hounds (Volcano)
  An acid dragon (D:13)
  26 orc warriors
  2 sky beasts (D:7)
  Duvessa (D:6)
  3 ice beasts
  2 laughing skulls (D:15)
  A black bear (D:7)
  22 ogres
  4 boggarts (D:10)
  2 elephant skeletons (Lair:5)
  18 wolves
  11 centaurs
  Blork the orc (D:6)
  5 kobold brigands
  3 scorpions
  19 bullfrogs
  A gnoll sergeant (D:6)
  2 cane toad simulacra (Lair:5)
  10 wights
  Dowan (D:6)
  15 killer bees
  2 elephant simulacra (Lair:5)
  5 electric eels (D:8)
  6 howler monkeys
  15 orc priests
  3 bombardier beetles
  3 gnoll boudas
  2 jellies (Lair:4)
  7 hounds
  5 iguanas
  18 orc wizards
  18 gnolls
  9 adders
  3 shadow imps
  A white imp (D:6)
  2 ufetubi (D:5)
  A ribbon worm (D:5)
  66 orcs
  6 endoplasms
  2 giant cockroaches
  6 goblins
  7 hobgoblins
  6 jackals
  18 kobolds
  8 ball pythons
  7 bats
  5 frilled lizards
  A rat (D:3)
  A butterfly (Lair:4)
713 creatures vanquished.

Vanquished Creatures (others)
  A deep elf pyromancer (Volcano)
  2 orc wizards
3 creatures vanquished.

Grand Total: 716 creatures vanquished

Notes
Turn   | Place    | Note
-------+----------+-------------------------------------------
     0 | D:1      | tilp the Minotaur Berserker began the quest for the Orb.
     0 | D:1      | Reached XP level 1. HP: 19/19 MP: 0/0
   308 | D:1      | Reached XP level 2. HP: 26/27 MP: 1/1
  1878 | D:3      | Reached XP level 3. HP: 32/33 MP: 2/2
  1902 | D:3      | Reached skill level 1 in Stealth
  1983 | D:3      | Reached ** piety under Trog
  2105 | D:3      | Found a faded altar of an unknown god.
  2124 | D:3      | Reached XP level 4. HP: 40/40 MP: 3/3
  2424 | D:3      | Reached skill level 5 in Axes
  2429 | D:3      | Noticed a scorpion
  2481 | D:3      | Reached XP level 5. HP: 46/47 MP: 4/4
  2653 | D:4      | Reached XP level 6. HP: 52/52 MP: 5/5
  2796 | D:4      | Reached skill level 5 in Fighting
  2980 | D:4      | Identified the +6 rapier of Matzota {drain, *Slow rElec
                  | Int+5}
  3023 | D:4      | Reached XP level 7. HP: 61/61 MP: 6/6
  3190 | D:4      | Found a white marble altar of Elyvilon.
  3461 | D:5      | Entered Level 5 of the Dungeon
  3572 | D:5      | Found a staircase to the Ecumenical Temple.
  3791 | D:5      | You fall into a shaft and drop 1 floor!
  3791 | D:6      | Found Vealaadghocw's Antique Armour Boutique.
  3798 | D:6      | Bought a pair of runed boots for 150 gold pieces
  3812 | D:6      | Noticed Edmund
  3814 | D:6      | Reached skill level 5 in Dodging
  3814 | D:6      | Reached XP level 8. HP: 70/70 MP: 7/7
  3820 | D:6      | Killed Edmund
  3856 | D:6      | Reached *** piety under Trog
  3899 | D:5      | Found a sparkling altar of Nemelex Xobeh.
  3990 | D:6      | Reached skill level 10 in Axes
  4125 | D:6      | Noticed Duvessa
  4126 | D:6      | Noticed Dowan
  4133 | D:6      | Reached XP level 9. HP: 81/81 MP: 8/8
  4133 | D:6      | Killed Duvessa
  4136 | D:6      | Killed Dowan
  4255 | D:5      | Identified the +3 mace of Fortitude {drain, *Rage rPois
                  | rCorr Str+3}
  4691 | D:6      | Noticed Blork the orc
  4702 | D:6      | Killed Blork the orc
  4703 | D:6      | Reached skill level 1 in Evocations
  4874 | D:6      | Identified a scroll of acquirement
  4874 | D:6      | Acquired the +4 war axe "Zekk" {antimagic, rF+ Int+6}
  5014 | D:7      | Found a sacrificial altar of Ru.
  5747 | D:8      | Reached skill level 1 in Shields
  5747 | D:8      | Reached XP level 10. HP: 70/91 MP: 3/9
  5748 | D:8      | Reached **** piety under Trog
  6031 | D:8      | Reached skill level 10 in Fighting
  6077 | D:8      | Found a staircase to the Lair.
  6434 | D:8      | Identified the +0 leather armour "Xuteb" {Will+}
  6784 | D:9      | Found a runed translucent gate.
  6785 | D:9      | Found a runed translucent gate.
  6790 | D:9      | Noticed Suckerboh's ghost (journeyman MiFi)
  6794 | D:9      | Noticed a catoblepas
  6810 | D:9      | Found a runed translucent gate.
  6829 | D:9      | Found a bloodstained altar of Trog.
  6838 | D:9      | Found a blossoming altar of Fedhas.
  6838 | D:9      | Found an ornate altar of the Wu Jian Council.
  6838 | D:9      | Found a radiant altar of Vehumet.
  6838 | D:9      | Found a hazy altar of Hepliaklqana.
  6839 | D:9      | Found a broken altar of Ashenzari.
  6842 | D:9      | Found a snail-covered altar of Cheibriados.
  6843 | D:9      | Found a stormy altar of Qazlal.
  6844 | D:9      | Found a glowing silver altar of Zin.
  7120 | D:9      | Reached skill level 15 in Axes
  7122 | D:9      | Reached ***** piety under Trog
  7125 | D:9      | Noticed a boulder beetle
  7139 | D:9      | Killed a boulder beetle
  7140 | D:9      | Reached XP level 11. HP: 55/99 MP: 3/10
  7165 | D:9      | Noticed a two-headed ogre
  7176 | D:9      | HP: 4/99 [two-headed ogre/+0 giant club (19)]
  7179 | D:9      | Killed a two-headed ogre
  7446 | D:9      | Noticed a two-headed ogre
  7458 | D:9      | Reached skill level 1 in Throwing
  7462 | D:9      | Killed a two-headed ogre
  7483 | D:9      | Noticed a brown ugly thing
  7484 | D:9      | Received a gift from Trog
  7500 | D:9      | Killed a brown ugly thing
  7512 | D:9      | Reached skill level 5 in Armour
  7751 | D:9      | Noticed a tengu warrior
  7759 | D:9      | Killed a tengu warrior
  8017 | D:9      | Noticed Pikel
  8021 | D:9      | Killed Pikel
  8052 | D:10     | Entered Level 10 of the Dungeon
  8064 | D:10     | Reached skill level 5 in Evocations
  8119 | D:10     | Noticed Grum
  8121 | D:10     | Found Poafoot's Armour Emporium.
  8129 | D:10     | Killed Grum
  8140 | D:10     | Found a staircase to the Orcish Mines.
  8186 | D:10     | Found Ogruehatoy's Weapon Emporium.
  8194 | D:10     | Bought a +0 hat for 52 gold pieces
  8340 | D:10     | Reached XP level 12. HP: 108/108 MP: 3/11
  8585 | D:10     | Noticed a centaur warrior
  8589 | D:10     | Noticed a two-headed ogre
  8595 | D:10     | Noticed a two-headed ogre
  9179 | D:11     | Noticed Sonja
  9182 | D:11     | Killed Sonja
  9486 | D:11     | Noticed a two-headed ogre
  9495 | D:11     | Killed a two-headed ogre
  9622 | D:11     | Noticed a boulder beetle
  9631 | D:11     | Killed a boulder beetle
 10114 | Lair:1   | Entered Level 1 of the Lair of Beasts
 10144 | Lair:1   | Noticed a death yak
 10152 | Lair:1   | Reached skill level 5 in Throwing
 10158 | Lair:1   | Killed a death yak
 10163 | Lair:1   | Noticed a death yak
 10166 | Lair:1   | Noticed a death yak
 10166 | Lair:1   | Noticed a death yak
 10167 | Lair:1   | Noticed a death yak
 10172 | Lair:1   | Noticed a death yak
 10192 | Lair:1   | Killed a death yak
 10200 | Lair:1   | Killed a death yak
 10201 | Lair:1   | Killed a death yak
 10202 | Lair:1   | Killed a death yak
 10209 | Lair:1   | Killed a death yak
 10212 | Lair:1   | Found a dark tunnel.
 10366 | Volcano  | Entered a volcano
 10464 | Volcano  | Reached XP level 13. HP: 63/118 MP: 4/12
 10499 | Volcano  | Received a gift from Trog
 11570 | Lair:1   | Found a runed translucent door.
 12285 | Lair:2   | Reached skill level 10 in Dodging
 12417 | Lair:2   | Reached skill level 10 in Armour
 12470 | Lair:2   | Found a staircase to the Snake Pit.
 12973 | Lair:3   | Found a staircase to the Swamp.
 13833 | Lair:4   | Found a staircase to the Slime Pits.
 14129 | Lair:4   | Reached XP level 14. HP: 132/132 MP: 4/13
 14847 | Lair:5   | Entered Level 5 of the Lair of Beasts
 14868 | Lair:5   | Noticed Nessos
 14877 | Lair:5   | Killed Nessos
 15254 | Lair:5   | Received a gift from Trog
 16944 | Lair:5   | Reached skill level 15 in Fighting
 17260 | Lair:5   | Identified the ring "Kablypru" {rN+ Slay+2}
 17571 | D:9      | Killed Suckerboh's ghost
 17824 | Orc:1    | Entered Level 1 of the Orcish Mines
 18249 | Orc:2    | Entered Level 2 of the Orcish Mines
 18249 | Orc:2    | Found Ekaggumi's Antique Armour Shop.
 18249 | Orc:2    | Found Viylohes's Antique Armour Boutique.
 18249 | Orc:2    | Found Seih's General Store.
 18269 | Orc:1    | Reached XP level 15. HP: 24/141 MP: 4/14
 18834 | Orc:2    | Found Lajeul's General Store.
 18849 | Orc:2    | Paralysed by something for 4 turns
 19382 | Orc:2    | Found a staircase to the Elven Halls.
 19572 | Orc:2    | Bought a pair of translucent boots for 218 gold pieces
 19572 | Orc:2    | Identified the +2 pair of boots of Compassion {rF- Dex+6}
                  | (You bought it in a shop on level 2 of the Orcish Mines)
 19578 | Orc:2    | Bought a sack of spiders for 480 gold pieces
 19578 | Orc:2    | Bought a phantom mirror for 480 gold pieces
 19614 | Orc:1    | Received a gift from Trog
 20037 | Orc:2    | Bought a scroll of blinking for 90 gold pieces
 20037 | Orc:2    | Bought a scroll of blinking for 90 gold pieces
 20043 | Orc:2    | Bought a lightning rod (4/4) for 560 gold pieces
 20171 | D:12     | Reached skill level 10 in Evocations
 20974 | Orc:2    | Bought a scroll of identify for 28 gold pieces
 21259 | D:13     | Found Diatz's Fire Supplies.
 22325 | D:14     | Received a gift from Trog
 22543 | D:14     | Found a gate to the Vaults.
 23048 | D:14     | Reached XP level 16. HP: 108/152 MP: 5/15
 23558 | D:15     | Entered Level 15 of the Dungeon
 23872 | D:15     | Found a staircase to the Depths.
 24398 | D:15     | Reached skill level 10 in Throwing
 25260 | Snake:1  | Entered Level 1 of the Snake Pit
 25289 | Snake:1  | Shot with a bolt by a naga sharpshooter

Illustrated notes

Levels and vault maps discovered:
D:1:      ldierk_walled_garden, layout_loops_corners, dreamdust_princess_bridge,
          feat_on_display
D:2:      layout_loops_ring
D:3:      corexii_shack_village, layout_loops_ring,
          ebering_ecumenical_altar_sacrificial, lightli_corner_chamber
D:4:      layout_basic, elyvilon_altar_1, hangedman_decor_lopped,
          minmay_manual_monstrance
D:5:      layout_loops_ring, nicolae_overflow_hidden_temple,
          minmay_temple_entry_statues_pillars
D:6:      layout_cave_pools, serial_shops, nicolae_shop_tiny_statue_garden,
          nicolae_grassy_gnolls, uniq_edmund, uniq_duvessa, uniq_blork_the_orc
D:7:      nicolae_cairo_tiling, layout_rooms, mainiacjoe_overflow_boulevard,
          chequers_serial_rivers_marsh, kennysheep_generic_room_16
D:8:      minmay_skewed_foursquare, layout_basic, erik_lair_island,
          moated_statue
D:9:      minmay_ornate_pinched, layout_basic, minitemple, serial_glass,
          glass_columns_a, glass_columns_c, gammafunk_ghost_split,
          minmay_pinched_square, uniq_pikel
D:10:     layout_basic, orc_david_3, uniq_grum
D:11:     layout_basic, minmay_diced_spiral, uniq_sonja
D:12:     layout_long_grid
D:13:     layout_irregular_city, nicolae_shop_fire_sale
          [nicolae_sub_dead_trees], minivault_12
D:14:     layout_roguey, erik_vaults_2, minmay_misc_feat_nine_boxes
D:15:     gammafunk_depths_entry_grave, layout_stronghold,
          nicolae_concentric_dashed_squares_wild
Lair:1:   layout_chaotic_city, nicolae_volcano_entry_hallway,
          pdpol_lair_cabin_in_the_woods, infiniplex_staircase_pool
Lair:2:   layout_gridlike, dummy_snake_entry
Lair:3:   layout_hall_layers, minmay_swamp_entry_wisps
Lair:4:   layout_small_grid, minmay_slime_entry_pillars, lemuel_fruit_fields,
          grunt_megastairs_1, infiniplex_staircase_pool_2, lemuel_fruit_fields
Lair:5:   due_jungle_book, layout_cave_pods, st_stairs_7, grunt_megastairs_2,
          lemuel_fruit_fields, uniq_nessos
Snake:1:  layout_chambers, serial_shops, shop, nicolae_triple_integral,
          serial_bayou_shore_b, minmay_shop_star
Orc:1:    layout_caves
Orc:2:    st_orc_open, layout_caves

Skill      XL: |  1  2  3  4  5  6  7  8  9 10 11 12 13 14 15 16 |
---------------+-------------------------------------------------+-----
Axes           | 4 5 6 8 10 12 15 16 | 16.9
Fighting       | 4 5 6 7 9 10 12 14 15 16 | 16.6
Stealth        | 1 2 4 |  4.0
Armour         | 3 4 6 8 10 12 13 | 13.6
Dodging        | 3 4 5 6 7 9 10 11 12 13 | 13.1
Evocations     | 3 4 5 6 8 9 10 | 10.8
Shields        | 1 2 4 |  4.0
Throwing       | 3 6 8 9 10 | 10.1

Action                     |  1- 3 |  4- 6 |  7- 9 | 10-12 | 13-15 | 16-18 || total
---------------------------+-------+-------+-------+-------+-------+-------++-------
  Melee: Hand axe          |    94 |   108 |   152 |       |    16 |       ||   370
         Headbutt          |     7 |    18 |    42 |    84 |   310 |    29 ||   490
         Punch             |     1 |     1 |     2 |       |       |       ||     4
         War axe           |       |       |    86 |   451 |  1190 |   124 ||  1851
  Throw: Javelin           |       |       |       |       |     9 |       ||     9
 Invoke: Berserk           |     1 |     5 |     6 |     9 |    11 |     3 ||    35
         Trog's Hand       |       |       |       |     2 |     4 |     1 ||     7
         Brothers in Arms  |       |       |       |     1 |     1 |       ||     2
  Evoke: Wand              |       |       |       |     4 |     1 |       ||     5
    Use: Scroll            |     3 |     3 |    11 |     7 |    14 |     1 ||    39
         Potion            |       |       |       |     3 |     1 |     1 ||     5
   Stab: Sleeping          |     1 |       |       |       |       |       ||     1
         Petrified         |       |       |       |       |     5 |       ||     5
 Armour: Animal skin       |    10 |       |       |       |       |       ||    10
         Chain mail        |    61 |    74 |   168 |   287 |   474 |    20 ||  1084
         Plate armour      |       |       |       |       |   273 |    90 ||   363
  Dodge: Dodged            |    42 |    32 |   170 |   289 |   629 |    65 ||  1227
  Block: Kite shield       |       |       |     9 |   176 |   441 |    52 ||   678
